 Dungeon Crawl Stone Soup version 0.20-a0-751-g905781e (webtiles) character file.

47 AlphabetPasta the Grave Robber (level 3, -4/19 HPs)
             Began as a Tengu Necromancer on Feb 25, 2017.
             Was an Initiate of Ashenzari.
             Killed from afar by Sigmund (8 damage)
             ... with a magic dart
             ... on level 2 of the Dungeon.
             The game lasted 00:06:59 (1252 turns).

AlphabetPasta the Grave Robber (Tengu Necromancer)  Turns: 1252, Time: 00:07:00

Health: -4/19      AC:  2    Str:  8    XL:     3   Next: 70%
Magic:  3/7        EV: 18    Int: 21    God:    Ashenzari [......]
Gold:   24         SH:  0    Dex: 19    Spells: 4/6 levels left

rFire    . . .     SeeInvis .   e - -3 club (curse)
rCold    . . .     Gourm    .   q - +0 robe (curse)
rNeg     . . .     Faith    .   (no shield)
rPois    .         Spirit   .   (helmet restricted)
rElec    .         Reflect  .   (no cloak)
rCorr    .         Harm     .   (no gloves)
MR       .....                  (boots unavailable)
Stlth    +++.......             (no amulet)
Regen    0.1/turn               (no ring)
MPRegen  0.1/turn               (no ring)

@: brilliant, agile
A: beak, talons 3
a: Curse Item, Renounce Religion


You were on level 2 of the Dungeon.
You worshipped Ashenzari.
Ashenzari was noncommittal.
You were not hungry.

You visited 1 branch of the dungeon, and saw 2 of its levels.

You collected 24 gold pieces.

Inventory:

Hand Weapons
 e - a cursed -3 club (weapon)
Armour
 a - a +0 robe
 q - a cursed +0 robe (worn)
Potions
 k - a potion of haste {unknown}
 l - a potion of lignification {unknown}
 o - a potion of resistance {unknown}
 p - a potion of degeneration {unknown}
Books
 b - a book of Necromancy

   Spells                             Type                      Level
   a - Pain                           Necromancy                   1
   b - Animate Skeleton               Necromancy                   1
   c - Vampiric Draining              Necromancy                   3
   d - Regeneration                   Charms/Necromancy            3
   e - Animate Dead                   Necromancy                   4
   f - Control Undead                 Necromancy                   4
Comestibles
 c - a bread ration
 f - 4 chunks of flesh
 i - a royal jelly


   Skills:
 + Level 0.2 Fighting
 - Level 2.1 Dodging
 - Level 2.0 Stealth
 + Level 2.4 Spellcasting
 * Level 5.4 Necromancy


You had 4 spell levels left.
You knew the following spells:

 Your Spells              Type           Power        Failure   Level  Hunger
a - Pain                  Necr           ####         1%          1    None
b - Animate Skeleton      Necr           N/A          1%          1    None


Dungeon Overview and Level Annotations

Branches:
Dungeon (2/15)

Altars:
Ashenzari

Annotations:
D:2 Sigmund


Innate Abilities, Weirdness & Mutations

You have a beak for a mouth.
You have claws for feet.


Message History

Sigmund writhes in agony!
Sigmund casts a spell at you.
You are confused.
You're too confused to cast spells.
Sigmund points at you and mumbles some strange words.
The puff of flame hits you!
You closely miss Sigmund. You peck Sigmund.
Sigmund is heavily wounded.
Sigmund barely misses you.
Sigmund giggles. "Time to reap what you sow."
Sigmund misses you.
You're too confused to move!
Sigmund hits you with a scythe.
* * * LOW HITPOINT WARNING * * *
It was a potion of brilliance.
You feel clever all of a sudden.
It was a potion of agility.
You feel agile all of a sudden.
You feel less confused. Sigmund casts a spell at you. The magic dart hits you!
You die...

##........#....#
#......#.$......#
#...... ...#....#
...#.#.##.#.....#
.......#........#
...#...#§§.§.# .#
......†.§....##.##
#####...@§......#
..#....@........#
.$.............>.#
...#.............#
#.#..............#
.................#
.....##..........#
...........(....##
...%#.#....######
# #.#....#


You could see Sigmund.

Vanquished Creatures
  An adder (D:2)
  A dart slug (D:1)
  A leopard gecko (D:1)
  A ball python (D:1)
  3 bats (D:1)
  2 giant cockroaches (D:1)
  3 goblins (D:1)
  A hobgoblin (D:1)
  5 jackals (D:1)
  A kobold (D:1)
  5 rats
24 creatures vanquished.

Vanquished Creatures (collateral kills)
  An ooze (D:1)
  A dart slug (D:1)
  A leopard gecko (D:1)
3 creatures vanquished.

Grand Total: 27 creatures vanquished

Notes
Turn   | Place    | Note
-------+----------+-------------------------------------------
     0 | D:1      | AlphabetPasta the Tengu Necromancer began the quest for the Orb.
     0 | D:1      | Reached XP level 1. HP: 10/10 MP: 4/4
   269 | D:1      | Learned a level 1 spell: Animate Skeleton
   313 | D:1      | Reached XP level 2. HP: 14/15 MP: 3/6
   364 | D:1      | Found a shattered altar of Ashenzari.
   370 | D:1      | Became a worshipper of Ashenzari the Shackled
   640 | D:1      | Reached skill level 5 in Necromancy
   849 | D:1      | Reached XP level 3. HP: 16/19 MP: 3/7
  1235 | D:2      | Noticed Sigmund
  1252 | D:2      | Killed from afar by Sigmund

Vault maps used:
D:1:      lightli_arrival_lavapool, evilmike_ruin_ashenzari
D:2:      first_bread, hangedman_decor_lopped, uniq_robin, uniq_sigmund

Skill      XL: |  1  2 |
---------------+-------+-----
Necromancy     | 5 |  5.4
Fighting       | |  0.2
Dodging        | |  2.1
Stealth        | |  2.0
Spellcasting   | |  2.4

Action                   || total
-------------------------++-------
Melee: Unarmed           ||     3
       Kick              ||     1
       Club              ||     2
       Peck              ||     1
 Cast: Pain              ||    48
       Animate Skeleton  ||    11
  Use: Scroll            ||     3
       Potion            ||     3
  Eat: Chunk             ||     2
Armor: Robe              ||     4
Dodge: Dodged            ||    13
